 Dungeon Crawl Stone Soup version 0.29-a0-384-g6960b1960d (webtiles) character file.

Game seed: 11199141287491596260

77 spaghetti the Thaumaturge (level 4, -10/45 HPs)
             Began as a Gnoll Wanderer on May 6, 2022.
             Mangled by an iguana (13 damage)
             ... on level 2 of the Dungeon.
             The game lasted 00:04:00 (2421 turns).

spaghetti the Thaumaturge (Gnoll Wanderer)          Turns: 2421, Time: 00:04:01

Health: -10/45     AC:  3    Str:  9    XL:     4   Next: 33%
Magic:  1/15       EV: 11    Int: 14    God:
Gold:   92         SH:  4    Dex: 13    Spells: 20/21 levels left

rFire   . . .      SeeInvis .   a - +0 dagger {short}
rCold   . . .      Faith    .   b - +0 buckler
rNeg    . . .      Spirit   .   d - +0 robe
rPois   .          Reflect  .   k - +0 helmet
rElec   .          Harm     .   (no cloak)
rCorr   .          Rampage  .   (no gloves)
Will    .....                   (no boots)
Stlth   ++........              (no amulet)
HPRegen 0.15/turn               (no ring)
MPRegen 0.14/turn               (no ring)

@: no status effects
A: fangs 1, strong nose, distributed training
a: no special abilities


You were on level 2 of the Dungeon.
You visited 1 branch of the dungeon, and saw 2 of its levels.

You collected 92 gold pieces.


Innate Abilities, Weirdness & Mutations

You have very sharp teeth.
Your uncanny sense of smell can sniff out nearby items.
Your experience applies equally to all skills.


   Skills:
 + Level 8.5 Fighting
 + Level 1.1 Short Blades
 + Level 1.1 Long Blades
 + Level 1.1 Axes
 + Level 1.1 Maces & Flails
 + Level 1.1 Polearms
 + Level 1.1 Staves
 + Level 1.1 Slings
 + Level 1.1 Bows
 + Level 1.1 Crossbows
 + Level 1.1 Throwing
 + Level 1.1 Armour
 + Level 1.1 Dodging
 + Level 1.1 Stealth
 + Level 2.7 Shields
 + Level 1.1 Unarmed Combat
 + Level 9.3 Spellcasting
 + Level 0.8 Conjurations
 + Level 0.8 Hexes
 + Level 0.8 Summonings
 + Level 0.8 Necromancy
 + Level 0.8 Translocations
 + Level 0.8 Transmutations
 + Level 0.8 Fire Magic
 + Level 0.8 Ice Magic
 + Level 0.8 Air Magic
 + Level 0.8 Earth Magic
 + Level 0.8 Poison Magic
 + Level 1.2 Invocations
 + Level 1.1 Evocations


You had 20 spell levels left.
You knew the following spells:

 Your Spells              Type           Power      Damage    Failure   Level
a - Magic Dart            Conj           36%        1d4       11%         1

Your spell library contained the following spells:

 Spells                   Type           Power      Damage    Failure   Level
 Ensorcelled Hibernation  Hex/Ice        18%        N/A       16%         2
 Passwall                 Tmut/Erth      7%         N/A       16%         2
 Poisonous Vapours        Pois/Air       18%        N/A       16%         2
 Frozen Ramparts          Ice            18%        1d3       30%         3
 Portal Projectile        Hex/Tloc       18%        N/A       30%         3
 Swiftness                Air            9%         N/A       30%         3
 Passage of Golubria      Tloc           9%         N/A       71%         4
 Silence                  Hex/Air        4%         N/A       96%         5
 Lehudib's Crystal Spear  Conj/Erth      4%         10d3      100%        8

Inventory:

Hand Weapons
 a - a +0 dagger (weapon) {short}
Missiles
 i - 57 stones {throwing}
Armour
 b - a +0 buckler (worn)
 d - a +0 robe (worn)
 k - a +0 helmet (worn)
   (You found it on level 1 of the Dungeon)
Jewellery
 n - a ring of poison resistance
   (You found it on level 2 of the Dungeon)
Scrolls
 f - 2 scrolls of blinking {unknown}
 g - a scroll of teleportation {unknown}
 h - a scroll of summoning {unknown}
 j - a scroll of vulnerability {unknown}
 l - a scroll of magic mapping {unknown}
 m - a scroll of torment {unknown}
Potions
 e - a potion of attraction {!q}

Dungeon Overview and Level Annotations

Branches:
Dungeon (2/15)

Altars:

Shops:
D:1

[ #......
......
#.#####
.....∆ # ....
# # $..
#.##### ..
#.#.#.... .#
#........
######l#
###.#.###
#....@.#
#.#.#
#.######
#####.#.# #.#
#...#.#.# #.#
###...#.#.###
#.#
#............
#.#
#..........##
#.#
#..........#
##.#
###...######
#..# #...#


You could see an iguana.


Message History

You lost 1 mp, and now have 9/15 mp.
Casting: Magic Dart (safe; 11% risk of failure)
Confirm with . or Enter, or press ? or * to list all spells.
Aiming: Magic Dart (safe; 11% risk of failure)
Press: ? - help, Shift-Dir - straight line, f/p - iguana
Aim: an iguana (heavily wounded, 100% to hit)
The magic dart hits the iguana.
The iguana closely misses you.
Your magical contamination has completely faded away. 😮 MP[-1]
You lost 1 mp, and now have 8/15 mp.
Casting: Magic Dart (safe; 11% risk of failure)
Confirm with . or Enter, or press ? or * to list all spells.
Aiming: Magic Dart (safe; 11% risk of failure)
Press: ? - help, Shift-Dir - straight line, f/p - iguana
Aim: an iguana (severely wounded, 100% to hit)
The magic dart hits the iguana but does no damage.
The iguana bites you!
* * * LOW HITPOINT WARNING * * *
😨 HP[-11]
You take 11 damage, and now have 22/45 hp.
MASSIVE DAMAGE!! (PAUSE)
Casting: Magic Dart (safe; 11% risk of failure)
Confirm with . or Enter, or press ? or * to list all spells.
Aiming: Magic Dart (safe; 11% risk of failure)
Press: ? - help, Shift-Dir - straight line, f/p - iguana
Aim: an iguana (severely wounded, 100% to hit)
The magic dart hits the iguana but does no damage.
The iguana bites you.
* * * LOW HITPOINT WARNING * * *
😨 HP[-4] MP[-1]
You take 4 damage, and now have 18/45 hp.
You lost 1 mp, and now have 7/15 mp.
Casting: Magic Dart (safe; 11% risk of failure)
Confirm with . or Enter, or press ? or * to list all spells.
Aiming: Magic Dart (safe; 11% risk of failure)
Press: ? - help, Shift-Dir - straight line, f/p - iguana
Aim: an iguana (severely wounded, 100% to hit)
The magic dart hits the iguana but does no damage.
The iguana bites you!
* * * LOW HITPOINT WARNING * * *
😱 HP[-9] MP[-1]
You take 9 damage, and now have 9/45 hp.
You lost 1 mp, and now have 6/15 mp.
Casting: Magic Dart (safe; 11% risk of failure)
Confirm with . or Enter, or press ? or * to list all spells.
Aiming: Magic Dart (safe; 11% risk of failure)
Press: ? - help, Shift-Dir - straight line, f/p - iguana
Aim: an iguana (severely wounded, 100% to hit)
The magic dart hits the iguana but does no damage.
The iguana closely misses you. 😱 HP[+1] MP[-1]
You lost 1 mp, and now have 5/15 mp.
You feel better.
The iguana completely misses you. 😨 HP[+6]
You regained 6 hp, and now have 16/45 hp.
Casting: Magic Dart (safe; 11% risk of failure)
Confirm with . or Enter, or press ? or * to list all spells.
Aiming: Magic Dart (safe; 11% risk of failure)
Press: ? - help, Shift-Dir - straight line, f/p - iguana
Aim: an iguana (severely wounded, 100% to hit)
The magic dart hits the iguana but does no damage.
The iguana bites you!
* * * LOW HITPOINT WARNING * * *
😱 HP[-10] MP[-1]
You take 10 damage, and now have 6/45 hp.
MASSIVE DAMAGE!! (PAUSE)
You lost 1 mp, and now have 4/15 mp.
Casting: Magic Dart (safe; 11% risk of failure)
Confirm with . or Enter, or press ? or * to list all spells.
Aiming: Magic Dart (safe; 11% risk of failure)
Press: ? - help, Shift-Dir - straight line, f/p - iguana
Aim: an iguana (severely wounded, 100% to hit)
The magic dart hits the iguana.
The iguana barely misses you. 😱 MP[-1]
You lost 1 mp, and now have 3/15 mp.
Casting: Magic Dart (safe; 11% risk of failure)
Confirm with . or Enter, or press ? or * to list all spells.
Aiming: Magic Dart (safe; 11% risk of failure)
Press: ? - help, Shift-Dir - straight line, f/p - iguana
Aim: an iguana (severely wounded, 100% to hit)
The magic dart hits the iguana but does no damage.
The iguana completely misses you.
Casting: Magic Dart (safe; 11% risk of failure)
Confirm with . or Enter, or press ? or * to list all spells.
Aiming: Magic Dart (safe; 11% risk of failure)
Press: ? - help, Shift-Dir - straight line, f/p - iguana
Aim: an iguana (severely wounded, 100% to hit)
The magic dart hits the iguana but does no damage.
The iguana bites you.
* * * LOW HITPOINT WARNING * * *
😱 HP[-3] MP[-1]
You take 3 damage, and now have 3/45 hp.
You lost 1 mp, and now have 2/15 mp.
Casting: Magic Dart (safe; 11% risk of failure)
Confirm with . or Enter, or press ? or * to list all spells.
Aiming: Magic Dart (safe; 11% risk of failure)
Press: ? - help, Shift-Dir - straight line, f/p - iguana
Aim: an iguana (severely wounded, 100% to hit)
The magic dart hits the iguana.
The iguana bites you!
You die...

Skill      XL: |  1  2  3 |
---------------+----------+-----
Spellcasting   | |  9.3
Invocations    | 1 |  1.2
Short Blades   | 1 |  1.1
Long Blades    | 1 |  1.1
Axes           | 1 |  1.1
Maces & Flails | 1 |  1.1
Polearms       | 1 |  1.1
Staves         | 1 |  1.1
Slings         | 1 |  1.1
Bows           | 1 |  1.1
Crossbows      | 1 |  1.1
Throwing       | 1 |  1.1
Armour         | 1 |  1.1
Dodging        | 1 |  1.1
Stealth        | 1 |  1.1
Unarmed Combat | 1 |  1.1
Evocations     | 1 |  1.1
Fighting       | |  8.5
Shields        | |  2.7
Conjurations   | |  0.8
Hexes          | |  0.8
Summonings     | |  0.8
Necromancy     | |  0.8
Translocations | |  0.8
Transmutations | |  0.8
Fire Magic     | |  0.8
Ice Magic      | |  0.8
Air Magic      | |  0.8
Earth Magic    | |  0.8
Poison Magic   | |  0.8

Action                   |  1- 3 |  4- 6 || total
-------------------------+-------+-------++-------
Melee: Dagger            |    90 |    34 ||   124
       Bite              |     6 |     4 ||    10
 Cast: Magic Dart        |    83 |    47 ||   130
  Use: Potion            |       |     1 ||     1
Armor: Robe              |    26 |     7 ||    33
Dodge: Dodged            |    52 |    39 ||    91
Block: Buckler           |    20 |    15 ||    35

Levels and vault maps discovered:
D:1:      noname_arrival_rooms_in_the_neighbourhood, layout_basic, serial_shops,
          shop, minmay_misc_feat_x
D:2:      layout_loops_ring, shapermc_ecumenical_altar_acropolis

Notes
Turn   | Place    | Note
-------+----------+-------------------------------------------
     0 | D:1      | Reached skill level 9 in Spellcasting
     0 | D:1      | spaghetti the Gnoll Wanderer began the quest for the Orb.
     0 | D:1      | spaghetti set off with the following items: a +0 dagger
                  | {short}, a +0 buckler, a potion of curing {@q1}, a +0 robe,
                  | a potion of attraction {!q}; and the following spell
                  | memorised: Magic Dart; and the following spells available
                  | to memorise: Poisonous Vapours, Frozen Ramparts, Portal
                  | Projectile
     0 | D:1      | Reached XP level 1. HP: 26/26 MP: 10/10
     0 | D:1      | magus.rc [v1.9.6]
   356 | D:1      | Reached XP level 2. HP: 33/33 MP: 7/12
   748 | D:1      | You pick up a book of the Moon and begin reading...
   748 | D:1      | You add the spells Passage of Golubria, Silence and
                  | Lehudib's Crystal Spear to your library.
   863 | D:1      | Reached XP level 3. HP: 38/38 MP: 9/13
  1371 | D:1      | Found Olushreu's Armour Shoppe.
  1460 | D:2      | Reached skill level 1 in Invocations
  1625 | D:2      | Reached skill level 1 in Short Blades
  1625 | D:2      | Reached skill level 1 in Long Blades
  1625 | D:2      | Reached skill level 1 in Axes
  1625 | D:2      | Reached skill level 1 in Maces & Flails
  1625 | D:2      | Reached skill level 1 in Polearms
  1625 | D:2      | Reached skill level 1 in Staves
  1625 | D:2      | Reached skill level 1 in Slings
  1625 | D:2      | Reached skill level 1 in Bows
  1625 | D:2      | Reached skill level 1 in Crossbows
  1625 | D:2      | Reached skill level 1 in Throwing
  1625 | D:2      | Reached skill level 1 in Armour
  1625 | D:2      | Reached skill level 1 in Dodging
  1625 | D:2      | Reached skill level 1 in Stealth
  1625 | D:2      | Reached skill level 1 in Unarmed Combat
  1625 | D:2      | Reached skill level 1 in Evocations
  1844 | D:2      | Reached XP level 4. HP: 45/45 MP: 15/15
  2163 | D:2      | You pick up a book of Burglary and begin reading...
  2163 | D:2      | You add the spells Passwall, Ensorcelled Hibernation and
                  | Swiftness to your library.
  2414 | D:2      | HP: 9/45 [iguana (9)]
  2420 | D:2      | HP: 3/45 [iguana (3)]
  2421 | D:2      | Mangled by an iguana

Vanquished Creatures
  2 adders (D:2)
  2 bats
  6 endoplasms
  3 giant cockroaches
  6 goblins
  3 hobgoblins
  8 jackals (D:2)
  6 kobolds
  5 quokkas
  5 ball pythons
  4 rats
50 creatures vanquished.

Table legend:
 A = Non-vault XP
 B = Vault XP
 C = Vault XP percentage of total XP
 D = Non-vault monster count
 E = Vault monster count
 F = Vault count percentage of total count
                 A         B        C        D         E       F
            +---------+---------+-------+---------+---------+-------
      Total |     110 |       0 |   0.0 |      50 |       0 |   0.0
            +---------+---------+-------+---------+---------+-------
        D:1 |      48 |       0 |   0.0 |      28 |       0 |   0.0
        D:2 |      62 |       0 |   0.0 |      22 |       0 |   0.0
            +---------+---------+-------+---------+---------+-------

Illustrated notes

Table legend:
 A = Kills in this place as a percentage of kills in entire the game.
 B = Kills by you in this place as a percentage of kills by you in the entire game.
 C = Kills by friends in this place as a percentage of kills by friends in the entire game.
 D = Other kills in this place as a percentage of other kills in the entire game.
 E = Experience gained in this place as a percentage of experience gained in the entire game.
 F = Experience gained in this place divided by the number of levels of this place that you have seen.
                   A       B       C       D       E      F
               +-------+-------+-------+-------+-------+----------------------
         Total | 100.0 | 100.0 |   N/A |   N/A | 100.0 |  55.0
       Dungeon | 100.0 | 100.0 |   N/A |   N/A | 100.0 |  55.0
               +-------+-------+-------+-------+-------+----------------------

Table legend: (Time is in decaauts)
 A = Elapsed time spent in this place.
 B = Non-inter-level travel time spent in this place.
 C = Inter-level travel time spent in this place.
 D = Time resting spent in this place.
 E = Time spent auto-exploring this place.
 F = Levels seen in this place.
 G = Mean time per level.
                   A        B        C        D        E       F      G
               +--------+--------+--------+--------+--------+-----+--------+
         Total |   2421 |   2412 |      9 |    406 |   1612 |   2 | 1210.5 |
       Dungeon |   2421 |   2412 |      9 |    406 |   1612 |   2 | 1210.5 |
               +--------+--------+--------+--------+--------+-----+--------+

Top non-repeatable levels by time:
     D:1: 1441 daAuts
     D:2: 979 daAuts
